 Dungeon Crawl Stone Soup version 0.21.1-1-g345015f (webtiles) character file.

1650 inc the Nimble (level 8, -7/30 HPs)
             Began as a Felid Monk on Mar 13, 2018.
             Was a High Priest of Wu Jian.
             Mangled by a hornet (16 damage)
             ... on level 9 of the Dungeon.
             The game lasted 00:16:36 (6625 turns).

inc the Nimble (Felid Monk)                         Turns: 6625, Time: 00:16:36

Health: -7/30      AC:  2    Str: 11    XL:     8   Next: 67%
Magic:  9/9        EV: 30    Int: 12    God:    Wu Jian [*****.]
Gold:   365        SH:  0    Dex: 21    Spells: 7/7 levels left
                                        Lives:  0   Deaths: 2

rFire    . . .     SeeInvis +     - Unarmed
rCold    . . .     Gourm    .   (shield unavailable)
rNeg     . . .     Faith    .   (armour unavailable)
rPois    .         Spirit   .   (helmet unavailable)
rElec    .         Reflect  .   (cloak unavailable)
rCorr    .         Harm     .   (gloves unavailable)
MR       +....                  (boots unavailable)
Stlth    ++++......             b - amulet of regeneration
HPRegen  0.50/turn              h - ring of stealth (curse)
MPRegen  0.11/turn              (no ring)

@: lethally poisoned (-7 -> -9), slowed, slow
A: very small, no armour, no weapons or thrown items, stealth, claws 1, fangs 3,
see invisible, carnivore, speed 1, frail 1, shaggy fur 2, slow metabolism 1,
strong 2, evolution 1, sharp paws
a: Wall Jump, Serpent's Lash, Heavenly Storm, Renounce Religion


You were on level 9 of the Dungeon.
You worshipped Wu Jian.
Wu Jian was extremely pleased with you.
You were full.

You visited 1 branch of the dungeon, and saw 9 of its levels.
You also visited: Ossuary.

You collected 365 gold pieces.

Inventory:

Jewellery
 b - an amulet of regeneration (around neck)
 h - a cursed ring of stealth (left paw)
Wands
 c - a wand of digging (14)
 v - a wand of paralysis (5)
 y - a wand of flame (44)
 B - a wand of acid (18)
 C - a wand of enslavement (15)
Scrolls
 d - 5 scrolls of teleportation {unknown}
 f - 2 scrolls of immolation {unknown}
 j - a scroll of noise {unknown}
 p - 3 scrolls of enchant armour {unknown}
 q - 3 scrolls of remove curse {unknown}
 s - 6 scrolls of identify
 t - a scroll of acquirement {unknown}
 x - a scroll of random uselessness {unknown}
 A - a scroll of fear {unknown}
 D - a scroll of amnesia {unknown}
 E - a scroll of fog {unknown}
 H - 2 scrolls of blinking {unknown}
Potions
 e - a potion of agility {unknown}
 g - 2 potions of cancellation
 i - 2 potions of brilliance
 k - 2 potions of lignification {unknown}
 l - 6 potions of degeneration
 m - 2 potions of invisibility {unknown}
 n - 4 potions of heal wounds
 o - a potion of might {unknown}
 r - a potion of mutation
 u - a potion of curing
 w - a potion of resistance {unknown}
 z - a potion of flight {unknown}
 F - a potion of ambrosia {unknown}
Books
 G - a book of Callings

   Spells                             Type                      Level
   a - Summon Small Mammal            Summoning                    1
   b - Call Imp                       Summoning                    2
   c - Call Canine Familiar           Summoning                    3
   d - Summon Guardian Golem          Hexes/Summoning              3
   e - Summon Lightning Spire         Summoning/Air                4
   f - Summon Ice Beast               Ice/Summoning                4
Comestibles
 a - 9 rations


   Skills:
 - Level 3.0 Fighting
 - Level 12.0 Dodging
 - Level 2.6 Stealth
 + Level 11.2 Unarmed Combat


You had 7 spell levels left.
You didn't know any spells.

Dungeon Overview and Level Annotations

Branches:
Dungeon (9/15)             Temple (0/1) D:6
   Lair: D:8-11         Orc: D:9-12

Altars:
Elyvilon
Fedhas
Gozag
Kikubaaqudgha
Makhleb
Sif Muna
Wu Jian
Yredelemnul
The Shining One

Shops:
D:4 *

Annotations:
D:3 Anonimus's ghost, amateur DsFi
D:8 jazmu's ghost, novice DsFi


Innate Abilities, Weirdness & Mutations

You cannot wear armour.
You are incapable of wielding weapons or throwing items.
Your paws allow you to move quietly. (Stealth)
You have sharp claws.
You have razor-sharp teeth.
You have supernaturally acute eyesight. (SInv)
You are carnivorous and can eat meat at any time.
You cover ground quickly.
You are covered in thick fur. (AC +2)
You have a slow metabolism.
Your sharp claws are effective at attacking unaware monsters.
You are frail. (-10% HP)
Your muscles are very strong. (Str +4)
You evolve.


Message History

Okay, then.
Okay, then.
It was a potion of heal wounds.
You feel much better. The hornet barely misses you. The hornet stings you!
Ouch! That really hurt!
You are poisoned.
You feel as though you will be slow longer.
You closely miss the hornet. You bite the hornet, but do no damage.
The hornet is heavily wounded.
You feel sick. The hornet completely misses you. The hornet closely misses you.
You miss the hornet.
The hornet is heavily wounded.
You feel less exhausted. The hornet completely misses you. x2
You scratch the hornet. Your claw misses the hornet.
You bite the hornet, but do no damage.
The hornet is heavily wounded.
You feel sick. The hornet completely misses you. The hornet stings you!
Ouch! That really hurt!
You die...

#.....####..#..##.#
#.......
#........##.#..##.#
########
#........##.#..##.#
####..(..##.#..##.#
#....%##.#..##.#
#.....##....##.#
#.....###...##.#
#.....###..)##.#
#.....5y@.>....#
#.....##########
#..}... #.....##
##.#+## #. #.


You could see a hornet and a crimson imp.

Vanquished Creatures
  Maurice (D:9)
  A hornet (D:9)
  Grinder (D:3)
  The ghost of jazmu the Skirmisher, an amateur DsSk (D:4)
  A hungry ghost (D:8)
  An ice beast (D:5)
  A sky beast (D:6)
  4 ogres
  2 centaurs (D:6)
  2 bullfrogs
  4 water moccasin zombies (Ossuary)
  A howler monkey (D:4)
  3 vampire bats (D:3)
  3 crimson imps
  2 bullfrog zombies
  A centaur skeleton (D:8)
  4 orc priests
  A bullfrog skeleton (D:5)
  3 hounds
  A jelly (D:7)
  7 orc wizards
  4 iguanas
  6 worker ants
  6 big kobold zombies (Ossuary)
  2 hound zombies
  2 hound skeletons
  2 mummies (Ossuary)
  Robin (D:4)
  3 gnolls (D:8)
  6 adders
  A shadow imp (D:6)
  3 oozes
  An adder skeleton (D:8)
  5 adder zombies
  7 worms
  2 dart slugs (D:1)
  6 leopard geckos
  23 orcs
  2 bat skeletons (D:3)
  3 bat zombies (D:3)
  3 giant cockroaches
  11 goblins
  14 hobgoblins
  8 jackals
  5 quokkas
  6 bats
  8 frilled lizards
  4 gnoll zombies (Ossuary)
  4 hobgoblin zombies (Ossuary)
  5 kobolds
  6 kobold zombies (Ossuary)
  6 orc zombies (Ossuary)
  A quokka skeleton (D:5)
  9 rats
220 creatures vanquished.

Notes
Turn   | Place    | Note
-------+----------+-------------------------------------------
     0 | D:1      | inc the Felid Monk began the quest for the Orb.
     0 | D:1      | Reached XP level 1. HP: 10/10 MP: 2/2
   140 | D:1      | Reached XP level 2. HP: 7/14 MP: 3/3
   417 | D:2      | Found an ornate altar of the Wu Jian Council.
   428 | D:2      | Became a worshipper of the Wu Jian Council
   428 | D:2      | Reached * piety under Wu Jian
   428 | D:2      | Reached ** piety under Wu Jian
   451 | D:2      | Found a basalt altar of Yredelemnul.
  1046 | D:1      | Found a glowing golden altar of the Shining One.
  1187 | D:1      | Reached XP level 3. HP: 8/17 MP: 4/4
  1797 | D:3      | Found an ancient bone altar of Kikubaaqudgha.
  1816 | D:3      | Reached skill level 5 in Unarmed Combat
  1816 | D:3      | Reached XP level 4. HP: 15/21 MP: 5/5
  1829 | D:3      | Reached XP level 5. HP: 21/24 MP: 6/6
  1905 | D:3      | Found a faded altar of an unknown god.
  1915 | D:3      | Reached *** piety under Wu Jian
  2206 | D:3      | Noticed Anonimus's ghost (amateur DsFi)
  2235 | D:3      | Reached skill level 5 in Dodging
  2255 | D:3      | Noticed Grinder
  2261 | D:3      | Killed Grinder
  2261 | D:3      | Reached skill level 7 in Dodging
  2261 | D:3      | Gained mutation: You are covered in thick fur. (AC +2) [Felid growth]
  2261 | D:3      | Reached XP level 6. HP: 27/28 MP: 7/7
  2417 | D:4      | Found a sand-covered staircase.
  2423 | Ossuary  | Entered an ossuary
  2457 | Ossuary  | Reached XP level 7. HP: 29/31 MP: 8/8
  2504 | Ossuary  | Reached skill level 8 in Dodging
  2507 | Ossuary  | Reached **** piety under Wu Jian
  2555 | Ossuary  | Reached skill level 9 in Dodging
  2715 | D:4      | Reached skill level 10 in Dodging
  2750 | D:4      | Noticed Robin
  2822 | D:4      | Killed Robin
  2937 | D:4      | Reached ***** piety under Wu Jian
  2940 | D:4      | Gained mutation: Your mind is acute. (Int +2) [potion of mutation]
  2940 | D:4      | Gained mutation: You have a pair of small horns on your head. [potion of mutation]
  2940 | D:4      | Gained mutation: Your spells are a little harder to cast, but a little more powerful. [potion of mutation]
  2971 | D:4      | Lost mutation: Your mind is acute. (Int +2) [potion of mutation]
  2971 | D:4      | Lost mutation: Your spells are a little harder to cast, but a little more powerful. [potion of mutation]
  2971 | D:4      | Lost mutation: You have a pair of small horns on your head. [potion of mutation]
  2971 | D:4      | Gained mutation: You passively map a small area around you. [potion of mutation]
  2971 | D:4      | Gained mutation: Your flesh is cold resistant. (rC+) [potion of mutation]
  3048 | D:4      | Found a blossoming altar of Fedhas.
  3066 | D:4      | Reached XP level 8. HP: 34/34 MP: 9/9
  3126 | D:4      | Noticed jazmu's ghost (amateur DsSk)
  3144 | D:4      | Killed jazmu's ghost
  3144 | D:4      | Reached skill level 11 in Dodging
  3215 | D:4      | Found Rim Uvurr's Assorted Antiques.
  3485 | D:4      | Found a deep blue altar of Sif Muna.
  3656 | D:5      | Entered Level 5 of the Dungeon
  3918 | D:5      | Reached skill level 12 in Dodging
  4873 | D:6      | Found a white marble altar of Elyvilon.
  4897 | D:6      | Reached XP level 9. HP: 37/37 MP: 10/10
  4981 | D:6      | Killed from afar by an orc priest
  4982 | D:6      | Reached XP level 8. HP: -5/34 MP: 9/9
  5339 | D:6      | Found a staircase to the Ecumenical Temple.
  5939 | D:8      | Found an opulent altar of Gozag.
  6099 | D:8      | Reached skill level 10 in Unarmed Combat
  6251 | D:8      | Found a burning altar of Makhleb.
  6284 | D:8      | Noticed jazmu's ghost (novice DsFi)
  6295 | D:8      | Slain by jazmu's ghost
  6296 | D:8      | Reached XP level 7. HP: -2/31 MP: 8/8
  6331 | D:8      | Reached XP level 8. HP: 26/34 MP: 9/9
  6360 | D:8      | Lost mutation: Your flesh is cold resistant. (rC+) [potion of mutation]
  6360 | D:8      | Lost mutation: You passively map a small area around you. [potion of mutation]
  6360 | D:8      | Gained mutation: Your muscles are strong. (Str +2) [potion of mutation]
  6360 | D:8      | Gained mutation: Your muscles are very strong. (Str +4) [potion of mutation]
  6360 | D:8      | Gained mutation: You are frail. (-10% HP) [potion of mutation]
  6360 | D:8      | Gained mutation: You evolve. [potion of mutation]
  6438 | D:9      | Noticed a hornet
  6488 | D:9      | Noticed a hornet
  6490 | D:9      | Killed a hornet
  6570 | D:9      | Noticed Maurice
  6573 | D:9      | Paralysed by Maurice for 5 turns
  6585 | D:9      | Killed Maurice
  6604 | D:9      | Noticed a hornet
  6609 | D:9      | Paralysed by a hornet for 2 turns
  6625 | D:9      | Mangled by a hornet

Skill      XL: |  1  2  3  4  5  6  7  8 |
---------------+-------------------------+-----
Unarmed Combat | 4 5 6 11 | 11.2
Dodging        | 7 10 12 | 12.0
Fighting       | |  3.0
Stealth        | |  2.6

Action                   |  1- 3 |  4- 6 |  7- 9 || total
-------------------------+-------+-------+-------++-------
Melee: Unarmed           |   101 |   109 |   612 ||   822
       Bite              |     7 |    16 |    89 ||   112
       Punch             |     1 |     2 |    23 ||    26
Invok: Lunge             |    12 |    13 |    48 ||    73
       Wall Jump         |     7 |     5 |    21 ||    33
       Whirlwind         |     5 |       |    43 ||    48
       Serpent's Lash    |       |       |     6 ||     6
  Use: Scroll            |     2 |       |     3 ||     5
       Potion            |       |       |     5 ||     5
 Stab: Sleeping          |    15 |    14 |    37 ||    66
       Distracted        |       |       |     6 ||     6
  Eat: Chunk             |       |     4 |    13 ||    17
Armor: Skin              |    14 |     1 |    18 ||    33
Dodge: Dodged            |   119 |    60 |   444 ||   623
